 Dungeon Crawl Stone Soup version 0.21-a0-227-g58a7c62 (webtiles) character file.

33 Blomdor the Chopper (level 3, 0/28 HPs)
             Began as a Barachi Skald on Aug 30, 2017.
             Succumbed to an adder's poison
             ... on level 2 of the Dungeon.
             The game lasted 00:01:04 (816 turns).

Blomdor the Chopper (Barachi Skald)                  Turns: 816, Time: 00:01:04

Health: 0/28       AC:  3    Str: 13    XL:     3   Next: 29%
Magic:  6/6        EV: 12    Int: 13    God:
Gold:   55         SH:  0    Dex: 11    Spells: 5/6 levels left

rFire    . . .     SeeInvis .   a - +0 hand axe
rCold    . . .     Gourm    .   (no shield)
rNeg     . . .     Faith    .   b - +0 leather armour
rPois    .         Spirit   .   (no helmet)
rElec    .         Reflect  .   (no cloak)
rCorr    .         Harm     .   (no gloves)
MR       .....                  (no boots)
Stlth    +.........             (no amulet)
HPRegen  0.09/turn              (no ring)
MPRegen  0.10/turn              (no ring)

@: lethally poisoned (0 -> -4), slow
A: +LOS, swims, slowness 1, strong legs 1
a: Hop


You were on level 2 of the Dungeon.
You were not hungry.

You visited 1 branch of the dungeon, and saw 2 of its levels.

You collected 55 gold pieces.

Inventory:

Hand Weapons
 a - a +0 hand axe (weapon)
Armour
 b - a +0 leather armour (worn)
Jewellery
 m - an uncursed amulet of the gourmand {unknown}
Scrolls
 g - a scroll of enchant armour {unknown}
 l - a scroll of amnesia {unknown}
Potions
 e - a potion of flight
 i - a potion of haste
Books
 c - a book of Battle

   Spells                             Type                      Level
   a - Infusion                       Charms                       1
   b - Shroud of Golubria             Charms/Translocation         2
   c - Song of Slaying                Charms                       2
   d - Spectral Weapon                Hexes/Charms                 3
   e - Regeneration                   Charms/Necromancy            3
Comestibles
 d - a bread ration
 f - 4 chunks of flesh
 j - a royal jelly


   Skills:
 - Level 2.4 Fighting
 * Level 4.0 Axes
 - Level 1.2 Armour
 - Level 2.1 Dodging
 - Level 2.1 Spellcasting
 - Level 3.2 Charms


You had 5 spell levels left.
You knew the following spells:

 Your Spells              Type           Power        Failure   Level  Hunger
a - Infusion              Chrm           #...         9%          1    ##.....


Dungeon Overview and Level Annotations

Branches:
Dungeon (2/15)

Altars:


Innate Abilities, Weirdness & Mutations

Shadows flee at your approach. (+LOS)
You can swim through water.
You cover ground slowly.
You can hop short distances.


Message History

You feel yourself slow down.
You float gracefully downwards.
The adder closely misses you.
Okay, then.
You hit the adder.
You kill the adder!
Your Axes skill increases to level 4!
* * * LOW HITPOINT WARNING * * *
You feel sick.
* * * LOW HITPOINT WARNING * * *
You feel sick.
* * * LOW HITPOINT WARNING * * *
You feel sick.
* * * LOW HITPOINT WARNING * * *
You feel sick.
* * * LOW HITPOINT WARNING * * *
You feel sick.
You see here a scroll labeled ESHAED KEUMEIC.
* * * LOW HITPOINT WARNING * * *
You feel sick.
You die...

.....#...# #.# #
#.#.#...####.# #
#...>........# #
###.#.#####..####
#.#.# #......
#.#.# #.##### #
#.#.# #.#
######.####.#.#
#.#
........@..?..#
#.#
######.########
#.# # #.#
############
............
############


There were no monsters in sight!

Vanquished Creatures
  2 adders (D:2)
  A leopard gecko (D:2)
  A giant cockroach (D:1)
  A goblin (D:1)
  3 hobgoblins (D:1)
  3 bats
  6 rats
17 creatures vanquished.

Notes
Turn   | Place    | Note
-------+----------+-------------------------------------------
     0 | D:1      | Blomdor the Barachi Skald began the quest for the Orb.
     0 | D:1      | Reached XP level 1. HP: 17/17 MP: 3/3
   455 | D:1      | Reached skill level 3 in Axes
   455 | D:1      | Reached XP level 2. HP: 21/23 MP: 5/5
   746 | D:2      | Reached XP level 3. HP: 20/28 MP: 6/6
   807 | D:2      | Reached skill level 4 in Axes
   814 | D:2      | HP: 1/28 [poisoned by an adder]
   816 | D:2      | Succumbed to an adder's poison

Vault maps used:
D:1:      zelgadis_glass_arrival_small
D:2:      led_sif_pool, marbit_many_paths

Skill      XL: |  1  2  3 |
---------------+----------+-----
Axes           | 3 4 |  4.0
Fighting       | |  2.4
Armour         | |  1.2
Dodging        | |  2.1
Spellcasting   | |  2.1
Charms         | |  3.2

Action                   || total
-------------------------++-------
Melee: Hand axe          ||    70
  Use: Potion            ||     4
Armor: Leather armour    ||    22
Dodge: Dodged            ||    63

Table legend:
 A = Spawn XP
 B = Non-spawn XP
 C = Spawn XP percentage of total XP
 D = Spawn monster count
 E = Non-spawn monster count
 F = Spawn count percentage of total count
 G = Total turns spent on level
                    A         B        C        D         E        F      G
               +---------+---------+-------+---------+---------+-------+---------
         Total |       2 |      46 |   4.2 |       2 |      15 |  11.8 |   816
               +---------+---------+-------+---------+---------+-------+---------
           D:1 |       2 |      14 |  12.5 |       2 |       9 |  18.2 |   707
           D:2 |       0 |      32 |   0.0 |       0 |       6 |   0.0 |   109
               +---------+---------+-------+---------+---------+-------+---------
